 Dungeon Crawl Stone Soup version 0.31.0-32-g396128a36d (webtiles) character file.

Game seed: 9668603185591187936

292 diceflayer the Chopper (level 6, -1/47 HPs)
             Began as a Demonspawn Fighter on Apr 14, 2024.
             Killed by divine providence
             ... invoked by an orc priest
              (15 damage)
             ... on level 4 of the Dungeon.
             The game lasted 00:02:06 (2660 turns).

diceflayer the Chopper (Demonspawn Fighter)         Turns: 2660, Time: 00:02:08

Health: -1/47      AC:  8    Str: 19    XL:     6   Next: 10%
Magic:  6/6        EV:  6    Int:  8    God:
Gold:   81         SH: 14    Dex: 18    Spells: 5/5 levels left

rFire   . . .        a - +1 war axe
rCold   . . .        j - +1 tower shield
rNeg    . . .        b - +0 scale mail
rPois   .            (no helmet)
rElec   .            (no cloak)
rCorr   .            (no gloves)
SInv    .            (no boots)
Will    .....        (no amulet) Stlth
                     m - +6 ring of dexterity
HPRegen 0.27/turn    (no ring)
MPRegen 0.10/turn

%: no passive effects
@: on fire, glowing
A: claws 1, slimy green scales 1, icemail 1, powered by pain 1, condensation
shield
a: no special abilities


You were on level 4 of the Dungeon.
You visited 1 branch of the dungeon, and saw 4 of its levels.

You collected 81 gold pieces.

Inventory:

Hand Weapons
 a - a +1 war axe (weapon)
Armour
 b - a +0 scale mail (worn)
 c - a +0 buckler
 j - a +1 tower shield (worn)
Jewellery
 m - a +6 ring of dexterity (left claw)
Scrolls
 l - a scroll of teleportation
 p - a scroll of fear
 r - a scroll of identify
Potions
 d - a potion of might
 h - a potion of heal wounds
 i - a potion of curing
 k - a potion of lignification {unknown}
 q - a potion of enlightenment {unknown}


   Skills:
 - Level 3.0 Fighting
 + Level 5.9 Axes
 - Level 2.6 Armour
 - Level 2.6 Shields


You had 5 spell levels left.
You didn't know any spells.
Your spell library was empty.

Dungeon Overview and Level Annotations

Branches:
Dungeon (4/15)
 Temple: D:4-7

Altars:


Innate Abilities, Weirdness & Mutations

You have sharp fingernails.
You are partially covered in slimy green scales. (AC +2)
A meltable icy envelope protects you from harm. (AC +0)
You sometimes gain a little power by taking damage.
A meltable shield of frost defends you. (SH +0)


Message History

The liquid fire burns you!
An orc priest comes into view. It is wielding a +0 club.
The bombardier beetle sprays incendiary fluid at you.
The burning spray hits you.
You are even more covered in liquid fire!
You block the orc priest's attack.
The orc priest shouts!
You barely miss the bombardier beetle.
The bombardier beetle is severely wounded.
You hit the orc priest. The liquid fire burns you!
The bombardier beetle bites you but does no damage.
The orc priest miscasts a cantrip.
The orc priest calls down the wrath of Beogh upon you.
Beogh smites you!
* * * LOW HITPOINT WARNING * * *
You are too injured to fight recklessly!
Unknown command.
You are too injured to fight recklessly!
Unknown command.
You feel much better. The liquid fire burns you!
The orc priest calls upon Beogh to heal the orc priest.
The orc priest is healed somewhat.
The orc priest hits you with a +0 mace.
You block the bombardier beetle's attack.
You barely miss the bombardier beetle.
The bombardier beetle is severely wounded.
You slash the orc priest! The liquid fire burns you!
The orc priest hits you but does no damage.
You block the bombardier beetle's attack.
The orc priest hits you with a +0 mace.
The orc priest looks satisfied for a moment.
You shake off some of the fire as you move.
The liquid fire burns you! The orc priest hits you with a +0 mace.
* * * LOW HITPOINT WARNING * * *
The orc priest invokes the aid of Beogh against you.
Beogh smites you!
You die...

............
...<.....##..... ...##
.))).....# #...# #.....
#))>)....###...####......
))).....###..............
.........##..............
....................o...
.......#..........B.#
#...............@...#
......##......|..o###
......##........##.?.#
..#...#........#).#.#..?
...#.....#....##.##.# .
.##<....##...# .. .
.####..##....##. #: ..
##...# (# #. . #....# .


You could see a bombardier beetle and 2 orc priests.

Vanquished Creatures
  A scorpion (D:4)
  A hound (D:4)
  A sleepcap (D:4)
  2 orc wizards (D:4)
  A hound skeleton (D:2)
  2 adders
  3 dart slugs
  11 orcs (D:4)
  7 endoplasms
  2 giant cockroaches
  2 goblins (D:4)
  9 hobgoblins
  7 jackals (D:1)
  2 quokkas
  6 ball pythons
  2 ball python skeletons (D:2)
  6 bats
  3 frilled lizards
  A giant cockroach zombie (D:2)
  4 kobolds
  A quokka zombie (D:2)
  4 rats
78 creatures vanquished.

Notes
Turn   | Place    | Note
-------+----------+-------------------------------------------
     0 | D:1      | diceflayer the Demonspawn Fighter began the quest for the
                  | Orb.
     0 | D:1      | Reached XP level 1. HP: 18/18 MP: 1/1
    84 | D:1      | Reached skill level 2 in Axes
   176 | D:1      | Gained mutation: You are partially covered in slimy green
                  | scales. (AC +2) [demonic ancestry]
   176 | D:1      | Reached XP level 2. HP: 24/24 MP: 2/2
   382 | D:1      | Reached skill level 3 in Axes
   904 | D:2      | Gained mutation: A meltable shield of frost defends you.
                  | (SH +0) [demonic ancestry]
   904 | D:2      | Reached XP level 3. HP: 29/29 MP: 3/3
  1392 | D:2      | Reached skill level 4 in Axes
  1392 | D:2      | Gained mutation: You sometimes gain a little power by
                  | taking damage. [demonic ancestry]
  1392 | D:2      | Reached XP level 4. HP: 26/35 MP: 4/4
  2501 | D:4      | Gained mutation: A meltable icy envelope protects you from
                  | harm. (AC +0) [demonic ancestry]
  2501 | D:4      | Reached XP level 5. HP: 32/41 MP: 5/5
  2503 | D:4      | Reached skill level 5 in Axes
  2643 | D:4      | Gained mutation: You have sharp fingernails. [demonic
                  | ancestry]
  2643 | D:4      | Reached XP level 6. HP: 47/47 MP: 6/6
  2660 | D:4      | Killed from afar by an orc priest

Illustrated notes

Levels and vault maps discovered:
D:1:      lightli_iron_boxes, layout_basic
D:2:      layout_loops_ring, serial_undead, serial_undead_c, serial_undead_d,
          serial_undead_c, serial_undead_d, st_stairs_5
D:3:      layout_loops_corners, amcnicky_mini_rare_corridor_liquid
D:4:      layout_cave_pools, ebering_ghost_sewer_d, minmay_pentomino_pile,
          uniq_ijyb

Skill      XL: |  1  2  3  4  5 |
---------------+----------------+-----
Axes           | 2 3 4 5 |  5.9
Fighting       | |  3.0
Armour         | |  2.6
Shields        | |  2.6

Action                     |  1- 3 |  4- 6 || total
---------------------------+-------+-------++-------
  Melee: War axe           |   113 |    77 ||   190
    Use: Scroll            |     2 |     6 ||     8
         Potion            |       |     4 ||     4
 Armour: Scale mail        |    57 |    57 ||   114
  Dodge: Dodged            |    27 |    17 ||    44
  Block: Buckler           |    10 |       ||    10
         Tower shield      |   111 |    85 ||   196
